 Dungeon Crawl Stone Soup version 0.20.1-1-g8b1a95d (console) character file.

267 hilaritas the Chiller (level 6, -5/32 HPs)
             Began as a Deep Elf Ice Elementalist on Aug 26, 2017.
             Hit by a tomahawk thrown by an orc (6 damage)
             ... on level 4 of the Dungeon.
             The game lasted 00:08:43 (3429 turns).

hilaritas the Chiller (Deep Elf Ice Elementalist)   Turns: 3429, Time: 00:08:44

Health: -5/32      AC:  5    Str:  4 (6)  XL:     6   Next: 0%
Magic:  0/14       EV: 12    Int: 16 (19) God:
Gold:   42         SH:  0    Dex: 11 (15) Spells: 4/14 levels left

rFire    x . .     SeeInvis .   h - +0 dagger
rCold    + . .     Gourm    .   (no shield)
rNeg     . . .     Faith    .   a - +0 robe
rPois    .         Spirit   .   l - +0 helmet
rElec    .         Reflect  .   (no cloak)
rCorr    .         Harm     .   (no gloves)
MR       +....                  (no boots)
Stlth    ++........             (no amulet)
Regen    0.0/turn               t - ring of protection from magic
MPRegen  0.2/turn               g - ring of ice

@: very slightly contaminated
A: slimy green scales 1, deterioration 1, dopey 1, inhibited regeneration
a: no special abilities


You were on level 4 of the Dungeon.
You were not hungry.

You visited 1 branch of the dungeon, and saw 4 of its levels.

You collected 42 gold pieces.

Inventory:

Hand Weapons
 h - a +0 dagger (weapon)
Missiles
 j - 57 arrows
 k - 81 stones (quivered)
Armour
 a - a +0 robe (worn)
 l - a +0 helmet (worn)
Jewellery
 d - an uncursed ring of stealth
 g - a ring of ice (right hand)
 t - a ring of protection from magic (left hand)
Wands
 r - a wand of acid (5/15)
Scrolls
 f - a scroll of identify
Books
 b - a book of Frost

   Spells                             Type                      Level
   a - Freeze                         Ice                          1
   b - Throw Frost                    Conjuration/Ice              2
   c - Ozocubu's Armour               Charms/Ice                   3
   d - Throw Icicle                   Conjuration/Ice              4
   e - Summon Ice Beast               Ice/Summoning                4
Comestibles
 c - 3 bread rations
 i - a royal jelly


   Skills:
 - Level 2.4 Dodging
 - Level 2.4 Stealth
 * Level 4.5 Spellcasting
 - Level 4.5 Conjurations
 - Level 5.0 Ice Magic


You had 4 spell levels left.
You knew the following spells:

 Your Spells              Type           Power        Failure   Level  Hunger
a - Freeze                Ice            ####         1%          1    None
b - Throw Frost           Conj/Ice       ####..       3%          2    ##.....
c - Ozocubu's Armour      Chrm/Ice       ###.....     17%         3    ###....
d - Throw Icicle          Conj/Ice       ####....     22%         4    ####...


Dungeon Overview and Level Annotations

Branches:
Dungeon (4/15)
 Temple: D:4-7

Altars:
Fedhas
Makhleb

Annotations:
D:3 Grinder, Ijyb


Innate Abilities, Weirdness & Mutations

You are partially covered in slimy green scales. (AC +2)
Your body sometimes deteriorates upon taking damage.
You are dopey. (Int -2)
You do not regenerate when monsters are visible.


Message History

You closely miss the orc priest.
The orc priest is lightly wounded.
The orc priest closely misses you.
Casting: Freeze
Confirm with . or Enter, or press ? or * to list all spells.
Aiming: Freeze
Press: ? - help, Shift-Dir - straight line, f - leopard gecko
Aim: a leopard gecko You feel a surge of power!
You freeze the leopard gecko.
The leopard gecko is moderately wounded.
The leopard gecko barely misses you.
Casting: Freeze
Confirm with . or Enter, or press ? or * to list all spells.
You don't have enough magic to cast that spell.
Unknown command.
You barely miss the orc priest.
The orc priest is lightly wounded.
The leopard gecko barely misses you.
The orc throws a tomahawk.
The tomahawk hits you.
You die...

##.....#
......##
#.......
.##......
.......o.
#....o#
.##...l.#
......o@##
.##....<.#
#......#
.........#
........##
.##.....#
#.....#
#......#
#......#


You could see an orc priest, 2 orcs and a leopard gecko.

Vanquished Creatures
  The ghost of Orenix the Sneak, an amateur SpAs of Gozag (D:3)
  An orc priest (D:3)
  Robin (D:3)
  A gnoll (D:1)
  3 adders (D:2)
  3 worms
  A dart slug (D:1)
  5 leopard geckos
  3 orcs (D:3)
  2 giant cockroaches
  10 goblins
  8 hobgoblins
  9 jackals
  2 quokkas (D:3)
  7 bats
  2 frilled lizards
  9 kobolds
  4 rats
72 creatures vanquished.

Notes
Turn   | Place    | Note
-------+----------+-------------------------------------------
     0 | D:1      | hilaritas the Deep Elf Ice Elementalist began the quest for the Orb.
     0 | D:1      | Reached XP level 1. HP: 10/10 MP: 6/6
   129 | D:1      | Reached skill level 4 in Ice Magic
   129 | D:1      | Reached XP level 2. HP: 15/15 MP: 5/8
   333 | D:1      | Learned a level 2 spell: Throw Frost
   764 | D:1      | Reached XP level 3. HP: 19/19 MP: 6/9
  1071 | D:1      | Learned a level 3 spell: Ozocubu's Armour
  1560 | D:2      | Reached skill level 5 in Ice Magic
  1715 | D:2      | Found a burning altar of Makhleb.
  1716 | D:2      | Found a blossoming altar of Fedhas.
  1725 | D:2      | Reached XP level 4. HP: 17/24 MP: 4/10
  2020 | D:2      | Found a faded altar of an unknown god.
  2404 | D:3      | Noticed Grinder
  2405 | D:3      | Noticed Robin
  2567 | D:3      | Noticed Orenix's ghost (amateur SpAs)
  2577 | D:3      | Killed Orenix's ghost
  2577 | D:3      | Reached XP level 5. HP: 28/28 MP: 3/11
  2693 | D:3      | Learned a level 4 spell: Throw Icicle
  2801 | D:3      | Killed Robin
  2837 | D:3      | Gained mutation: You do not regenerate when monsters are visible. [potion of mutation]
  2837 | D:3      | Gained mutation: Your body sometimes deteriorates upon taking damage. [potion of mutation]
  2837 | D:3      | Gained mutation: You are dopey. (Int -2) [potion of mutation]
  2837 | D:3      | Gained mutation: You are partially covered in slimy green scales. (AC +2) [potion of mutation]
  2837 | D:3      | HP: 1/28 [hobgoblin/club[Robin] (5)]
  3207 | D:3      | Noticed Ijyb
  3400 | D:3      | Paralysed by Grinder for 4 turns
  3407 | D:3      | HP: 1/28 [Grinder (1)]
  3419 | D:4      | Reached XP level 6. HP: 1/32 MP: 0/14
  3429 | D:4      | Hit by a tomahawk thrown by an orc

Skill      XL: |  1  2  3  4  5 |
---------------+----------------+-----
Ice Magic      | 4 5 |  5.0
Conjurations   | 2 4 |  4.5
Spellcasting   | 4 |  4.5
Dodging        | |  2.4
Stealth        | |  2.4

Action                   |  1- 3 |  4- 6 || total
-------------------------+-------+-------++-------
Melee: Dagger            |     1 |    54 ||    55
 Cast: Freeze            |    47 |    76 ||   123
       Throw Frost       |     6 |     2 ||     8
       Ozocubu's Armour  |       |     3 ||     3
  Use: Scroll            |       |     4 ||     4
       Potion            |       |     4 ||     4
  Eat: Chunk             |     2 |     6 ||     8
Armor: Robe              |     6 |    21 ||    27
Dodge: Dodged            |    24 |    58 ||    82
